 Dungeon Crawl Stone Soup version 0.31-a0-446-g07c4bd200f (console) character file.

Game seed: 6141388402262521620

57426 Lexodia the Cruncher (level 14, -7/84 HPs)
             Began as a Tengu Fire Elementalist on Aug 3, 2023.
             Was an Elder of Okawaru.
             Mangled by Rupert
             ... wielding a +3 great mace of pain
              (30 damage)
             ... on level 2 of the Orcish Mines.
             The game lasted 01:25:05 (25160 turns).

Lexodia the Cruncher (Tengu Fire Elementalist)     Turns: 25160, Time: 01:25:05

Health: -7/84      AC: 11    Str: 15    XL:     14   Next: 86%
Magic:  10/33      EV: 24    Int: 23    God:    Okawaru [****..]
Gold:   1379       SH:  0    Dex: 17    Spells: 5/25 levels left

rFire   + + .        N - +8 quarterstaff (freeze)
rCold   x . .        (shield currently unavailable)
rNeg    . . .        Q - +4 robe of the Blessed Realm {Will+ Int+4}
rPois   .            V - +1 hat of Rodit {-Tele Rampage rF+ Str+5}
rElec   .            i - +0 cloak
rCorr   .            a - +1 pair of gloves "Ciovaj" {+Inv Dex+2}
SInv    .            (boots unavailable)
Will    +++..        (no amulet)
Stlth   ++           l - +5 ring of evasion
HPRegen 0.34/turn    I - ring of magical power
MPRegen 0.23/turn

%: no teleportation, rampage
@: flying quickly and evasively, slightly contaminated, quick
A: beak, talons 3, nimble flight, fire resistance 1, strong-willed 1, sense
surroundings 1, cold vulnerability 1
a: Renounce Religion, Evoke Invisibility, Heroism, Finesse


You were on level 2 of the Orcish Mines.
You worshipped Okawaru.
Okawaru was greatly pleased with you.
You visited 3 branches of the dungeon, and saw 19 of its levels.

You collected 1708 gold pieces.
You spent 329 gold pieces at shops.

Inventory:

Hand Weapons
 N - a +8 quarterstaff of freezing (weapon)
Missiles
 d - 6 poisoned darts
 f - 7 curare-tipped darts
 z - 12 javelins
Armour
 a - the +1 pair of gloves "Ciovaj" (worn) {+Inv Dex+2}
   (You acquired it on level 7 of the Dungeon)

   Dex:       It affects your dexterity (+2).
   +Inv:      It lets you turn invisible.
 i - a +0 cloak (worn)
 C - a +3 leather armour of poison resistance
 J - +0 acid dragon scales
 Q - the +4 robe of the Blessed Realm (worn) {Will+ Int+4}
   (Okawaru gifted it to you on level 2 of the Lair of Beasts)

   Int:       It affects your intelligence (+4).
   Will:      It increases your willpower.
 V - the +1 hat of Rodit (worn) {-Tele Rampage rF+ Str+5}
   (Okawaru gifted it to you on level 5 of the Lair of Beasts)

   Str:       It affects your strength (+5).
   rF:        It protects you from fire.
   -Tele:     It prevents most forms of teleportation.
   Rampage:   It bestows one free step when moving towards enemies.
 Z - a +2 robe of cold resistance
Magical Staves
 g - a staff of cold
Jewellery
 l - a +5 ring of evasion (left hand)
 t - a ring of protection from cold
 y - a ring of protection from cold
 I - a ring of magical power (right hand)
 L - an amulet of guardian spirit
 S - a ring of positive energy
 Y - a ring of ice
Wands
 x - a wand of mindburst (15)
 E - a wand of paralysis (16)
 F - a wand of iceblast (2)
 O - a wand of acid (3)
 R - a wand of flame (12)
 X - a wand of polymorph (6)
Scrolls
 c - 3 scrolls of amnesia
 h - 2 scrolls of silence
 j - 4 scrolls of fear
 m - 5 scrolls of revelation
 q - 5 scrolls of teleportation
 s - 3 scrolls of poison
 v - a scroll of summoning
 w - a scroll of enchant armour
 B - 2 scrolls of immolation
 H - 3 scrolls of blinking
 P - 3 scrolls of fog
 T - 2 scrolls of identify
 U - 4 scrolls of vulnerability
 W - a scroll of torment
Potions
 b - a potion of magic
 e - a potion of lignification
 k - 2 potions of invisibility
 n - a potion of mutation
 o - 8 potions of curing
 p - 2 potions of enlightenment
 r - 2 potions of might
 u - 4 potions of haste
 A - a potion of ambrosia
 D - 4 potions of brilliance
 G - 2 potions of berserk rage
 K - 3 potions of cancellation


   Skills:
 - Level 8.0 Fighting
 - Level 3.0(8.1) Polearms
 - Level 11.8(12.0) Staves
 - Level 4.0 Throwing
 - Level 8.0 Armour
 - Level 8.0 Dodging
 - Level 2.0 Stealth
 - Level 6.0 Spellcasting
 + Level 10.6 Conjurations
 - Level 6.0 Transmutations
 - Level 10.0 Fire Magic
 + Level 6.1 Invocations
 + Level 10.1 Evocations


You had 5 spell levels left.
You knew the following spells:

 Your Spells              Type           Power      Damage    Failure   Level
a - Foxfire               Conj/Fire      100%       2x1d9     1%          1
b - Scorch                Fire           100%       2d9       1%          2
c - Volatile Blastmotes   Fire/Tloc      58%        2d14      3%          3
d - Flame Wave            Conj/Fire      53%        2d13      1%          4
e - Wereblood             Tmut           34%        N/A       1%          2
f - Irradiate             Conj/Tmut      22%        3d19      8%          5
g - Inner Flame           Hex/Fire       29%        N/A       3%          3

Your spell library contained the following spells:

 Spells                   Type           Power      Damage    Failure   Level
 Kiss of Death            Conj/Necr      100%       2d13      1%          1
 Necrotise                Necr           24%        1d5       9%          1
 Cigotuvi's Dreadful Rot  Necr/Pois/Air  12%        N/A       13%         2
 Confusing Touch          Hex            6%         N/A       26%         3
 Ozocubu's Armour         Ice            6%         N/A       26%         3
 Vampiric Draining        Necr           6%         2d6       26%         3
 Dispel Undead            Necr           6%         3d8       63%         4
 Agony                    Necr           6%         N/A       93%         5
 Borgnjor's Vile Clutch   Necr/Erth      3%         N/A       93%         5
 Ozocubu's Refrigeration  Ice            3%         4d8       100%        7
 Animate Dead             Necr           Unusable   N/A       N/A         4
 Death Channel            Necr           Unusable   N/A       N/A         6

Dungeon Overview and Level Annotations

Branches:
Dungeon (12/15)            Temple (0/1) D:7            Lair (5/5) D:11
 Shoals (0/4) Lair:3        Snake (0/4) Lair:3        Slime (0/5) Lair:4
    Orc (2/2) D:12
    Elf: Orc:2

Altars:
Cheibriados
Dithmenos
Elyvilon
Gozag
Makhleb
Okawaru
Ru
Sif Muna
Trog
Wu Jian
Xom
The Shining One
Jiyva

Shops:
D:3 ?   D:4 =:!   D:10 *   Orc:2 ((

Annotations:
Orc:2 Rupert


Innate Abilities, Weirdness & Mutations

You have a beak for a mouth.
You have claws for feet.
Your magical nature lets you fly swiftly and evasively.
Your flesh is heat resistant. (rF+)
You are strong-willed. (Will+)
You passively map a small area around you.
You are vulnerable to cold. (rC-)


Message History

Rupert goes berserk!
Casting: Scorch (safe; 1% risk of failure)
Confirm with . or Enter, or press ? or * to list all spells.
Flames lash Rupert.
Rupert is burned terribly!
Rupert is heavily wounded.
Rupert hits you with a +3 great mace of pain!
You writhe in agony.
Huge Dmg: -22%(-19hp) hp: 78%(65hp)
Casting: Scorch (safe; 1% risk of failure)
Confirm with . or Enter, or press ? or * to list all spells.
You erupt in a fountain of uncontrolled magic!
Rupert is blasted with magical radiation!!
Rupert is severely wounded.
Rupert twists and deforms.
You are very lightly contaminated with residual magic.
Your primal bloodlust has ended.
Rupert misses you.
Casting: Irradiate (dangerous; 8% risk of failure)
Confirm with . or Enter, or press ? or * to list all spells.
You erupt in a fountain of uncontrolled magic!
Rupert is blasted with magical radiation!!
Rupert is almost dead.
Rupert twists and deforms.
You are lightly contaminated with residual magic.
Rupert hits you with a +3 great mace of pain!
You writhe in agony.
Rupert hits you with a +3 great mace of pain!!
You writhe in agony.
* * * LOW HITPOINT WARNING * * *
Huge Dmg: -52%(-44hp) hp: 27%(22hp)
Casting: Irradiate (dangerous; 8% risk of failure)
Confirm with . or Enter, or press ? or * to list all spells.
You erupt in a fountain of uncontrolled magic!
Rupert is blasted with magical radiation!!
Rupert is almost dead.
Rupert barely misses you.
You barely miss Rupert.
Rupert is almost dead.
Rupert hits you with a +3 great mace of pain!!
You die...

##..##..........# ###
#.....8.#).#..####.#
##.....##.##.).# ...
##.8<∩.8..##.##*#.#
#...........####.#
###..8........##...
##.##............#..
#................... *
##@@................
#..........##.........
............###.........
*..#.........#
###....... ...........##
*#....... #.#........#,
, ........ . .#.$......
... ..##..$..... ... ,
.#<


You could see Rupert (berserk, combustible, misshapen).

Vanquished Creatures
  Gastronok (Lair:3)
  Erolcha (Orc:1)
  The ghost of tensugalgo the Fighter, a novice OgSh of Uskayaw (D:8)
  A catoblepas (Lair:5)
  Fannar (Arena)
  2 hydras
  3 boulder beetles
  2 two-headed ogres
  Urug (D:12)
  Nergalle (D:12)
  A fire crab (Lair:5)
  2 orc knights
  A deep elf pyromancer (D:12)
  A cyclops (D:11)
  An oklob plant (Lair:4)
  An ugly thing (D:11)
  3 black mambas
  18 elephants
  Joseph (Lair:1)
  6 cane toads
  2 gargoyles
  3 unseen horrors
  A kobold demonologist (D:11)
  4 rime drakes
  7 komodo dragons
  3 trolls
  11 polar bears
  A hornet (D:11)
  A raiju (Lair:5)
  8 blink frogs
  2 dream sheep (Lair:5)
  6 slime creatures (D:11)
  2 shadows
  A water elemental (D:12)
  65 yaks
  3 wraiths
  3 wyverns
  7 vampire mosquitoes
  Edmund (D:5)
  3 nagas (Lair:3)
  2 steam dragons (D:9)
  15 water moccasins
  7 wargs
  An acid dragon (D:11)
  Duvessa (D:5)
  14 hell hounds (Lair:5)
  7 ice beasts
  19 orc warriors
  3 sky beasts
  14 black bears
  24 wolves
  An ogre (D:5)
  3 centaurs
  A gnoll sergeant (D:6)
  7 bullfrogs
  4 scorpions
  Dowan (D:5)
  9 wights
  A water moccasin skeleton (D:5)
  7 killer bees (D:9)
  4 electric eels
  3 bullfrog zombies (D:5)
  5 howler monkeys
  A centaur zombie (D:5)
  5 hounds
  A bullfrog skeleton (D:5)
  3 jellies
  6 orc priests
  2 iguanas (D:6)
  20 orc wizards
  9 hell rats
  A hound skeleton (D:5)
  2 hound zombies (D:5)
  A mummy (D:7)
  18 gnolls
  6 adders
  A shadow imp (D:8)
  4 ufetubi
  3 dart slugs
  60 orcs
  10 ball pythons
  3 bats
  3 endoplasms
  2 giant cockroaches
  8 goblins
  4 hobgoblins
  3 jackals (D:2)
  3 quokkas
  2 frilled lizards
  4 kobolds
  6 rats
527 creatures vanquished.

Vanquished Creatures (collateral kills)
  12 foxfires
12 creatures vanquished.

Vanquished Creatures (others)
  An orc (D:12)
  1223 foxfires
1224 creatures vanquished.

Grand Total: 1763 creatures vanquished

Notes
Turn   | Place    | Note
-------+----------+-------------------------------------------
     0 | D:1      | Lexodia the Tengu Fire Elementalist began the quest for the
                  | Orb.
     0 | D:1      | Reached XP level 1. HP: 10/10 MP: 4/4
   141 | D:1      | Huge Dmg: 3 dmg
   142 | D:1      | Huge Dmg: 3 dmg
   143 | D:1      | Reached XP level 2. HP: 4/15 MP: 0/6
   518 | D:1      | Reached skill level 1 in Polearms
   587 | D:1      | Found a faded altar of an unknown god.
   963 | D:1      | Huge Dmg: 3 dmg
   972 | D:1      | Reached XP level 3. HP: 15/19 MP: 4/7
  1584 | D:2      | Learned a level 2 spell: Scorch
  2127 | D:3      | Learned a level 3 spell: Volatile Blastmotes
  2159 | D:3      | Reached XP level 4. HP: 24/24 MP: 3/8
  2201 | D:3      | Found an iron altar of Okawaru.
  2209 | D:3      | Became a worshipper of Warmaster Okawaru
  2259 | D:3      | Found a bloodstained altar of Trog.
  2259 | D:3      | Found a shadowy altar of Dithmenos.
  2260 | D:3      | Found a white marble altar of Elyvilon.
  2260 | D:3      | Found a sacrificial altar of Ru.
  2273 | D:3      | Huge Dmg: 5 dmg
  2277 | D:3      | Huge Dmg: 5 dmg
  2527 | D:3      | Found Agel's Magic Scroll Shop.
  2535 | D:3      | Bought a scroll of identify for 22 gold pieces
  2535 | D:3      | Bought a scroll of teleportation for 33 gold pieces
  2596 | D:3      | Found a shimmering blue altar of Sif Muna.
  2662 | D:4      | Gained mutation: Your magical nature lets you fly swiftly
                  | and evasively. [Tengu growth]
  2662 | D:4      | Reached XP level 5. HP: 28/28 MP: 1/9
  2914 | D:4      | Found Sosuxanu's Book Shop.
  3034 | D:4      | Found Bolotwyst's Distillery.
  3086 | D:4      | Bought a potion of heal wounds for 50 gold pieces
  3154 | D:4      | Huge Dmg: 11 dmg
  3266 | D:4      | Found Edu Hes's Jewellery Emporium.
  3296 | D:4      | Noticed a black bear
  3303 | D:4      | Killed a black bear
  3303 | D:4      | Reached * piety under Okawaru
  3304 | D:4      | Reached skill level 5 in Conjurations
  3304 | D:4      | Reached skill level 1 in Staves
  3304 | D:4      | Reached XP level 6. HP: 32/32 MP: 2/11
  3309 | D:4      | Learned a level 4 spell: Flame Wave
  3508 | D:4      | Found an ornate altar of the Wu Jian Council.
  3519 | D:4      | Found a burning altar of Makhleb.
  3629 | D:4      | Found a glowing golden altar of the Shining One.
  3705 | D:4      | Huge Dmg: 7 dmg
  3709 | D:4      | Reached skill level 2 in Staves
  3801 | D:5      | Entered Level 5 of the Dungeon
  3926 | D:5      | Reached skill level 3 in Staves
  4059 | D:5      | Reached XP level 7. HP: 36/36 MP: 9/13
  4166 | D:5      | Reached skill level 4 in Staves
  4204 | D:5      | Huge Dmg: 7 dmg
  4296 | D:5      | Reached ** piety under Okawaru
  4388 | D:5      | Reached skill level 1 in Invocations
  4800 | D:4      | Reached XP level 8. HP: 41/41 MP: 8/15
  4893 | D:5      | Huge Dmg: 10 dmg
  4909 | D:5      | Reached skill level 5 in Staves
  5009 | D:5      | Found a shimmering altar of Xom.
  5104 | D:5      | Noticed Duvessa
  5106 | D:5      | Noticed Dowan
  5116 | D:5      | Killed Duvessa
  5116 | D:5      | Killed Dowan
  5117 | D:5      | Reached skill level 6 in Staves
  5171 | D:5      | Reached *** piety under Okawaru
  5172 | D:5      | Reached skill level 7 in Staves
  5487 | D:5      | Noticed Edmund
  5493 | D:5      | Huge Dmg: 10 dmg
  5498 | D:5      | Killed Edmund
  5499 | D:5      | Reached skill level 1 in Throwing
  5844 | D:6      | Reached skill level 1 in Armour
  5971 | D:6      | Reached XP level 9. HP: 45/45 MP: 13/16
  6154 | D:6      | Reached **** piety under Okawaru
  6213 | D:6      | Huge Dmg: 11 dmg
  6403 | D:6      | Reached skill level 5 in Fire Magic
  6639 | D:6      | Huge Dmg: 12 dmg
  7149 | D:4      | Bought a potion of curing for 30 gold pieces
  7149 | D:4      | Bought a potion of brilliance for 40 gold pieces
  7149 | D:4      | Bought a potion of might for 40 gold pieces
  7255 | D:6      | Gained mutation: You are frail. (-10% HP) [potion of
                  | mutation]
  7255 | D:6      | Gained mutation: You are weak. (Str -2) [potion of
                  | mutation]
  7255 | D:6      | Gained mutation: You are strong-willed. (Will+) [potion of
                  | mutation]
  7256 | D:6      | Lost mutation: You are weak. (Str -2) [potion of mutation]
  7256 | D:6      | Lost mutation: You are frail. (-10% HP) [potion of
                  | mutation]
  7256 | D:6      | Gained mutation: You passively map a small area around you.
                  | [potion of mutation]
  7256 | D:6      | Gained mutation: You are vulnerable to cold. (rC-) [potion
                  | of mutation]
  7256 | D:6      | Gained mutation: Your flesh is heat resistant. (rF+)
                  | [potion of mutation]
  7296 | D:7      | Received a gift from Okawaru
  7448 | D:7      | Reached skill level 8 in Staves
  7520 | D:7      | Identified a scroll of acquirement
  7548 | D:7      | Acquired the +1 pair of gloves "Ciovaj" {+Inv Dex+2}
  7766 | D:7      | Found a snail-covered altar of Cheibriados.
  7920 | D:6      | Reached skill level 1 in Evocations
  8527 | D:7      | Found a staircase to the Ecumenical Temple.
  8732 | D:8      | Noticed a two-headed ogre
  8739 | D:8      | Killed a two-headed ogre
  8740 | D:8      | Reached XP level 10. HP: 50/50 MP: 17/17
  8818 | D:8      | Found a runed translucent door.
  8820 | D:8      | Noticed tensugalgo's ghost (novice OgSh)
  8847 | D:8      | Huge Dmg: 13 dmg
  8872 | D:8      | Huge Dmg: 10 dmg
  9040 | D:8      | Found an opulent altar of Gozag.
  9093 | D:8      | Huge Dmg: 19 dmg
  9414 | D:8      | You are sucked into a shaft and drop 3 floors!
  9437 | D:11     | Reached skill level 1 in Fighting
  9462 | D:10     | Entered Level 10 of the Dungeon
  9634 | D:10     | Killed an unseen horror
  9680 | D:10     | Noticed a gargoyle
  9726 | D:10     | Reached skill level 9 in Staves
  9833 | D:9      | Reached ***** piety under Okawaru
  9905 | D:9      | Noticed a two-headed ogre
  9913 | D:9      | Killed a two-headed ogre
  9925 | D:9      | Reached skill level 5 in Armour
 10030 | D:9      | Huge Dmg: 19 dmg
 10034 | D:9      | Huge Dmg: 10 dmg
 10388 | D:9      | Reached XP level 11. HP: 59/59 MP: 14/18
 10605 | D:9      | Huge Dmg: 13 dmg
 11058 | D:8      | Killed tensugalgo's ghost
 11058 | D:8      | Received a gift from Okawaru
 11853 | D:10     | Huge Dmg: 14 dmg
 11854 | D:10     | Huge Dmg: 14 dmg
 11857 | D:10     | Huge Dmg: 12 dmg
 11859 | D:10     | Huge Dmg: 6 dmg
 11869 | D:10     | Reached skill level 5 in Dodging
 11869 | D:10     | Reached skill level 5 in Evocations
 12182 | D:10     | Found Qefaupeh's General Store.
 12186 | D:10     | Bought a scroll of enchant armour for 90 gold pieces
 12186 | D:10     | Bought a scroll of identify for 24 gold pieces
 12270 | D:10     | Reached skill level 5 in Spellcasting
 12286 | D:10     | Received a gift from Okawaru
 12808 | D:11     | Huge Dmg: 24 dmg
 13143 | D:11     | Noticed a cyclops
 13159 | D:11     | Killed a cyclops
 13215 | D:11     | Reached skill level 10 in Conjurations
 13305 | D:11     | Found a staircase to the Lair.
 13532 | D:11     | Reached skill level 10 in Staves
 13701 | D:11     | Identified the +6 trident of Quahinad {heavy, rElec rN+}
 14103 | D:12     | Noticed Urug
 14103 | D:12     | Noticed Nergalle
 14105 | D:12     | Huge Dmg: 22 dmg
 14110 | D:11     | Huge Dmg: 11 dmg
 14181 | D:11     | Huge Dmg: 14 dmg
 14181 | D:11     | Received a gift from Okawaru
 14183 | D:11     | Huge Dmg: 12 dmg
 14350 | D:12     | Noticed a boulder beetle
 14400 | D:12     | Huge Dmg: 24 dmg
 14627 | D:11     | Reached XP level 12. HP: 67/67 MP: 20/20
 14679 | D:11     | Received a gift from Okawaru
 14792 | D:11     | Huge Dmg: 14 dmg
 14932 | D:11     | Huge Dmg: 25 dmg
 14933 | D:11     | Reached skill level 5 in Fighting
 15312 | D:11     | Huge Dmg: 16 dmg
 15319 | D:11     | Huge Dmg: 32 dmg
 15320 | D:11     | Huge Dmg: 5 dmg
 15322 | D:11     | Huge Dmg: 8 dmg
 15584 | D:11     | Huge Dmg: 11 dmg
 15699 | D:12     | Killed Urug
 15792 | Lair:1   | Entered Level 1 of the Lair of Beasts
 15846 | Lair:2   | Reached skill level 11 in Staves
 16272 | Lair:1   | Noticed Joseph
 16281 | Lair:1   | Killed Joseph
 16656 | Lair:1   | Reached skill level 1 in Transmutations
 16656 | Lair:1   | Huge Dmg: 13 dmg
 16660 | Lair:1   | Huge Dmg: 11 dmg
 17874 | Lair:2   | Identified the +4 robe of the Blessed Realm {Will+ Int+4}
                  | (Okawaru gifted it to you on level 2 of the Lair of Beasts)
 17874 | Lair:2   | Received a gift from Okawaru
 17876 | Lair:2   | Huge Dmg: 11 dmg
 18103 | Lair:2   | Reached XP level 13. HP: 70/76 MP: 14/22
 18125 | Lair:1   | Learned a level 2 spell: Wereblood
 18579 | Lair:2   | Learned a level 5 spell: Irradiate
 19483 | Lair:3   | Found a staircase to the Snake Pit.
 19930 | Lair:3   | Found a staircase to the Shoals.
 20119 | Lair:3   | Noticed Gastronok
 20153 | Lair:3   | Killed Gastronok
 20674 | Lair:4   | Huge Dmg: 19 dmg
 20829 | Lair:4   | Found a staircase to the Slime Pits.
 20831 | Lair:4   | Found a viscous altar of Jiyva.
 20837 | Lair:4   | Found a white marble altar of Elyvilon.
 20852 | Lair:4   | Huge Dmg: 21 dmg
 20865 | Lair:4   | Huge Dmg: 15 dmg
 21312 | Lair:4   | Received a gift from Okawaru
 21349 | Lair:4   | Huge Dmg: 28 dmg
 21352 | Lair:4   | Huge Dmg: 15 dmg
 21685 | Lair:5   | Entered Level 5 of the Lair of Beasts
 21757 | Lair:5   | Huge Dmg: 26 dmg
 21784 | Lair:5   | Reached XP level 14. HP: 42/84 MP: 15/24
 21811 | Lair:5   | Huge Dmg: 25 dmg
 21813 | Lair:5   | Huge Dmg: 4 dmg
 21826 | Lair:5   | Huge Dmg: 7 dmg
 22077 | Lair:5   | Huge Dmg: 19 dmg
 22087 | Lair:5   | Reached skill level 5 in Transmutations
 22405 | Lair:5   | Huge Dmg: 17 dmg
 22407 | Lair:5   | Huge Dmg: 30 dmg
 22729 | Lair:5   | Huge Dmg: 17 dmg
 22785 | Lair:5   | Identified the +1 hat of Rodit {-Tele Rampage rF+ Str+5}
                  | (Okawaru gifted it to you on level 5 of the Lair of Beasts)
 22785 | Lair:5   | Received a gift from Okawaru
 22787 | Lair:5   | Reached skill level 10 in Fire Magic
 22841 | Lair:5   | Reached skill level 5 in Invocations
 23526 | Lair:5   | Learned a level 3 spell: Inner Flame
 23776 | D:12     | Killed Nergalle
 23947 | D:12     | Noticed Fannar
 23964 | D:12     | Huge Dmg: 63 dmg
 23964 | Arena    | Entered the Arena
 23969 | Arena    | Huge Dmg: 6 dmg
 23975 | Arena    | Killed Fannar
 24005 | D:12     | Huge Dmg: 6 dmg
 24006 | D:12     | Huge Dmg: 10 dmg
 24636 | D:12     | Found a staircase to the Orcish Mines.
 24681 | Orc:1    | Entered Level 1 of the Orcish Mines
 24693 | Orc:1    | Noticed Erolcha
 24703 | Orc:1    | Reached skill level 10 in Evocations
 24712 | Orc:1    | Huge Dmg: 31 dmg
 24834 | Orc:1    | Killed Erolcha
 25007 | Orc:2    | Entered Level 2 of the Orcish Mines
 25007 | Orc:2    | Found Onepnel's Weapon Shop.
 25106 | Orc:2    | Found Heuw's Weapon Shoppe.
 25149 | Orc:2    | Noticed Rupert
 25157 | Orc:2    | Huge Dmg: 19 dmg
 25159 | Orc:2    | Huge Dmg: 44 dmg
 25160 | Orc:2    | Mangled by Rupert

Illustrated notes

Levels and vault maps discovered:
D:1:      heliophobic_arrival_battle_scene, layout_basic,
          shapermc_ecumenical_altar_totnotflames, grunt_decor_fettered
D:2:      layout_basic
D:3:      layout_rooms, grunt_temple_overflow_open, kennysheep_okawaru_gauntlet,
          lemuel_blue_sif_altar, serial_shops, shop
D:4:      layout_cave_pools, tso_altar, amethyst_overflow_temple_binary,
          serial_shops, shop, shop, nicolae_shop_stone
D:5:      layout_basic, kennysheep_mini, serial_undead, serial_undead_c,
          serial_undead_a, serial_undead_e, serial_undead_d, serial_undead_d,
          serial_undead_b, serial_undead_f, corexii_leaking_fountain,
          solitary_fountain, amethyst_killhole, uniq_duvessa, uniq_edmund
D:6:      cheibrodos_helix_gallery, layout_loops_ring
D:7:      layout_loops_ring, chei_slow_surprise, minmay_temple_entry_fiery
D:8:      layout_cave_pods, mainiacjoe_overflow_paths,
          hellmonk_ghost_happy_afterlife, minmay_misc_feat_secret_circle
D:9:      layout_roguey, eino_jars
D:10:     layout_basic, serial_shops, nicolae_shop_pleasant_corner_grove,
          minmay_tree_intersection, minmay_misc_feat_nine_boxes
D:11:     layout_stronghold, hellmonk_lair_entry_icy
D:12:     layout_rooms, erik_orc_2, serial_rivers,
          chequers_serial_rivers_micro_d, chequers_serial_rivers_micro_e,
          chequers_serial_rivers_room_b, chequers_serial_rivers_micro_b,
          chequers_serial_rivers_micro_d, uniq_urug, uniq_nergalle, uniq_fannar
Lair:1:   layout_cave_pods, uniq_joseph
Lair:2:   layout_cellular_growth, beast_lair_carwin_2, grunt_megastairs_1,
          lemuel_fruit_tree, serial_bayou_shore_b
Lair:3:   layout_chaotic_city, shoals_dummy_entry, nicolae_snake_entry_squirm,
          uniq_gastronok
Lair:4:   layout_hall_layers, slime_entry_1, lemuel_oklob_altar
Lair:5:   hangedman_lair_caniforms_friends, layout_cave_pods
Orc:1:    layout_caves, uniq_erolcha
Orc:2:    st_orc_rangers, layout_diamond_mine, serial_shops,
          nicolae_shop_statue_plus, shop, uniq_rupert

Skill      XL: |  1  2  3  4  5  6  7  8  9 10 11 12 13 14 |
---------------+-------------------------------------------+-----
Conjurations   | 2 3 4 5 6 8 9 10 | 10.6
Polearms       | 1 2 3 |  3.0
Spellcasting   | 3 4 5 6 |  6.0
Fire Magic     | 4 6 7 9 10 | 10.0
Staves         | 1 3 4 7 8 9 10 11 | 11.8
Invocations    | 1 2 3 4 6 |  6.1
Throwing       | 2 4 |  4.0
Armour         | 1 4 5 7 8 |  8.0
Evocations     | 2 4 6 7 10 | 10.1
Fighting       | 2 4 6 8 |  8.0
Dodging        | 4 5 7 8 |  8.0
Transmutations | 2 4 6 |  6.0
Stealth        | |  2.0

Action                     |  1- 3 |  4- 6 |  7- 9 | 10-12 | 13-15 || total
---------------------------+-------+-------+-------+-------+-------++-------
  Melee: Unarmed           |     2 |       |       |       |       ||     2
         Spear             |    64 |    40 |    31 |       |       ||   135
         Peck              |     8 |     2 |    13 |    18 |    57 ||    98
         Kick              |     8 |    11 |    24 |    20 |   106 ||   169
         Flail             |       |       |    38 |    11 |       ||    49
         Quarterstaff      |       |       |       |    42 |   255 ||   297
         Punch             |       |       |       |     1 |       ||     1
         Glaive            |       |       |       |       |     4 ||     4
  Throw: Javelin           |       |       |       |     1 |       ||     1
   Cast: Foxfire           |    45 |    67 |   133 |   253 |   210 ||   708
         Scorch            |       |     9 |    84 |   191 |   109 ||   393
         Volatile Blastmot |       |     1 |     5 |    24 |     4 ||    34
         Flame Wave        |       |       |     2 |    33 |    29 ||    64
         Wereblood         |       |       |       |       |    20 ||    20
         Irradiate         |       |       |       |       |    16 ||    16
         Inner Flame       |       |       |       |       |     1 ||     1
 Invoke: Heroism           |       |       |       |     6 |    10 ||    16
         Finesse           |       |       |       |       |     1 ||     1
         Duel              |       |       |       |       |     1 ||     1
Ability: Evoke Invisibilit |       |       |       |       |     1 ||     1
  Evoke: Wand              |       |       |       |       |     5 ||     5
    Use: Scroll            |       |     7 |     4 |    12 |     6 ||    29
         Potion            |       |       |     2 |     1 |     4 ||     7
   Stab: Sleeping          |     6 |     1 |       |       |       ||     7
         Invisible         |       |       |       |       |     1 ||     1
 Armour: Robe              |    19 |    16 |     8 |       |    66 ||   109
         Leather armour    |       |       |     9 |    51 |       ||    60
  Dodge: Dodged            |    51 |    33 |    73 |   281 |   459 ||   897

Table legend: (Time is in decaauts)
 A = Elapsed time spent in this place.
 B = Non-inter-level travel time spent in this place.
 C = Inter-level travel time spent in this place.
 D = Time resting spent in this place.
 E = Time spent auto-exploring this place.
 F = Levels seen in this place.
 G = Mean time per level.
                   A        B        C        D        E       F      G
               +--------+--------+--------+--------+--------+-----+--------+
         Total |  23987 |  22597 |   1390 |   2450 |  16582 |  20 | 1199.3 |
       Dungeon |  16402 |  15342 |   1060 |   1676 |  11265 |  12 | 1366.8 |
          Lair |   7218 |   6897 |    321 |    763 |   5081 |   5 | 1443.6 |
  Orcish Mines |    336 |    327 |      9 |      0 |    235 |   2 |  168.0 |
         Arena |     30 |     30 |      0 |     11 |      0 |   1 |   30.0 |
               +--------+--------+--------+--------+--------+-----+--------+

Top non-repeatable levels by time:
    D:11: 3270 daAuts
     D:5: 1750 daAuts
  Lair:1: 1749 daAuts
  Lair:5: 1575 daAuts
     D:6: 1474 daAuts
  Lair:2: 1442 daAuts
     D:8: 1417 daAuts
  Lair:3: 1309 daAuts
     D:1: 1253 daAuts
    D:10: 1246 daAuts
     D:7: 1201 daAuts
     D:9: 1173 daAuts
  Lair:4: 1140 daAuts
     D:4: 1112 daAuts
    D:12: 931 daAuts
